 Dungeon Crawl Stone Soup version 0.28-a0-511-gcc94558de3 (webtiles) character file.

Game seed: 13022535656401867104

10 Rennog the Skirmisher (level 2, 24/24 HPs)
             Began as a Demonspawn Fighter on Sept 21, 2021.
             Was a Follower of Cheibriados.
             Quit the game on level 1 of the Dungeon.
             The game lasted 00:00:26 (424 turns).

Rennog the Skirmisher (Demonspawn Fighter)           Turns: 424, Time: 00:00:27

Health: 24/24      AC:  6    Str: 19    XL:     2   Next: 10%
Magic:  2/2        EV:  9    Int: 12    God:    Cheibriados [*.....]
Gold:   16         SH:  5    Dex: 15    Spells: 1/1 levels left

rFire   . . .      SeeInvis .   a - +0 rapier
rCold   . . .      Faith    .   c - +0 buckler
rNeg    . . .      Spirit   .   b - +0 scale mail
rPois   .          Reflect  .   (no helmet)
rElec   .          Harm     .   (no cloak)
rCorr   .          Rampage  .   (no gloves)
Will    .....                   (no boots)
Stlth   ..........              (no amulet)
HPRegen 0.08/turn               (no ring)
MPRegen 0.08/turn               (no ring)

@: very slow
A: demonic magic 1
a: Renounce Religion, Bend Time


You were on level 1 of the Dungeon.
You worshipped Cheibriados.
Cheibriados was aware of your devotion.
You visited 1 branch of the dungeon, and saw 1 of its levels.

You collected 16 gold pieces.

Inventory:

Hand Weapons
 a - a +0 rapier (weapon)
Armour
 b - a +0 scale mail (worn)
 c - a +0 buckler (worn)
Scrolls
 e - a scroll of fear {unknown}
 f - 3 scrolls of identify {unknown}
Potions
 d - a potion of might


   Skills:
 * Level 3.4 Fighting
 - Level 1.7 Short Blades
 - Level 2.6 Armour
 + Level 0.6 Dodging
 - Level 2.6 Shields


You had one spell level left.
You didn't know any spells.
Your spell library was empty.

Dungeon Overview and Level Annotations

Branches:
Dungeon (1/15)

Altars:
Cheibriados


Innate Abilities, Weirdness & Mutations

Spells you cast may paralyse adjacent enemies.


Message History

You closely miss the hobgoblin. The hobgoblin completely misses you.
You block the hobgoblin's attack.
Your shield prevents you from hitting the hobgoblin.
The hobgoblin closely misses you.
You puncture the hobgoblin!
You kill the hobgoblin!
Cheibriados appreciates the change of pace.
Cheibriados raises the support of your attributes as your movement slows.
You have reached level 2!
Your demonic ancestry asserts itself...
A menacing aura infuses your magic.
f - 3 scrolls labelled VUONTY LATEANT (gained 1)
An endoplasm comes into view.
Found an escape hatch in the floor.
The endoplasm quivers.
An endoplasm is nearby!
An endoplasm is nearby!
An endoplasm is nearby!
You completely miss the endoplasm. The endoplasm freezes you.
You are frozen.
You puncture the endoplasm!
You kill the endoplasm!
Cheibriados thoroughly appreciates the change of pace.
No target in view!
No target in view!
No target in view!
No target in view!
No target in view!
No target in view!
No target in view!
No target in view!
No target in view!
No target in view!
No target in view!
Found a stone staircase leading down.
An endoplasm comes into view.
An endoplasm is nearby!
An endoplasm is nearby!
Are you sure you want to abandon this character and quit the game? (Confirm with "yes".)

#.........#..#'#.(.
##.................
#...#.#...........
#.#.......#.......
#.........#....... #
#...##..####...... ###.#
#....#....##......
#...J.#.......#.##......
#.....@#.....# ##......
#.............. +......
#....##...##.#. #......
#.... ...# .. #.... ####
#...> #.... #...


You could see an endoplasm.

Vanquished Creatures
  A ball python (D:1)
  A bat (D:1)
  An endoplasm (D:1)
  2 hobgoblins (D:1)
  3 goblins (D:1)
8 creatures vanquished.

Notes
Turn   | Place    | Note
-------+----------+-------------------------------------------
     0 | D:1      | Rennog the Demonspawn Fighter began the quest for the Orb.
     0 | D:1      | Reached XP level 1. HP: 18/18 MP: 1/1
    96 | D:1      | Found a faded altar of an unknown god.
   118 | D:1      | Became a worshipper of Cheibriados the Contemplative
   118 | D:1      | Reached * piety under Cheibriados
   275 | D:1      | Gained mutation: Spells you cast may paralyse adjacent
                  | enemies. [demonic ancestry]
   275 | D:1      | Reached XP level 2. HP: 19/24 MP: 2/2
   424 | D:1      | Quit the game

Illustrated notes

Levels and vault maps discovered:
D:1:      dpeg_arrival_pits, layout_basic, chequers_ecumenical_altar_simple

Action                   || total
-------------------------++-------
Melee: Rapier            ||    25
Armor: Scale mail        ||    11
Dodge: Dodged            ||    11
Block: Buckler           ||     2

Table legend: (Time is in decaauts)
 A = Elapsed time spent in this place.
 B = Non-inter-level travel time spent in this place.
 C = Inter-level travel time spent in this place.
 D = Time resting spent in this place.
 E = Time spent auto-exploring this place.
 F = Levels seen in this place.
 G = Mean time per level.
                   A        B        C        D        E       F      G
               +--------+--------+--------+--------+--------+-----+--------+
         Total |    490 |    488 |      2 |      0 |    424 |   1 |  490.0 |
       Dungeon |    490 |    488 |      2 |      0 |    424 |   1 |  490.0 |
               +--------+--------+--------+--------+--------+-----+--------+

Top non-repeatable levels by time:
     D:1: 490 daAuts
